Map: [ESL] Cosmic Sapphire

Players

RagnaroK (SHIN)

  • Race: Zerg Zerg
  • Spawn Location: 11:00

Zoun - Winner!

  • Race: Protoss Protoss
  • Spawn Location: 5:00

Event: TSL 9

VOD

Have the link to the VOD?

Description

Time

  • Played on: July 29, 2022, 7:12 a.m.
  • Length: 9:12

All games in this series

Show
View Real Time Build Order
Export as new Build Order

RagnaroK Zerg 

Build Orders: Hatch First 

Get SALT Encoding   

  12  0:00  Drone  
  13  0:12  Overlord  
  13  0:18  Drone  
  14  0:31  Drone x2  
  16  0:46  Drone  
  17  0:52  Hatchery  
  17  0:55  Drone  
  17  0:58  Drone  
  18  1:09  Extractor  
  17  1:13  Spawning Pool  
  17  1:16  Drone  
  17  1:19  Drone  
  18  1:29  Drone  
  19  1:39  Drone  
  20  1:49  Drone  
  21  2:04  Queen x2  
  21  2:05  Zergling x4  
  27  2:11  Overlord  
  27  2:15  Drone  
  28  2:24  Metabolic Boost  
  28  2:30  Drone, Hatchery  
  28  2:33  Drone  
  28  2:35  Drone  
  30  2:38  Drone  
  31  2:45  Drone  
  31  2:48  Queen  
  34  2:53  Zergling x2  
  34  2:55  Overlord  
  34  2:59  Drone  
  35  3:06  Drone  
  35  3:09  Spore Crawler, Drone  
  35  3:12  Drone  
  36  3:15  Drone x2  
  36  3:19  Drone  
  39  3:21  Drone  
  40  3:27  Queen  
  40  3:29  Overlord  
  40  3:30  Drone  
  43  3:37  Spore Crawler  
  43  3:39  Drone  
  43  3:40  Drone  
  44  3:42  Drone  
  44  3:45  Queen  
  47  3:50  Spore Crawler, Drone  
  47  3:52  Drone  
  47  3:54  Drone  
  49  3:58  Drone x2  
  49  3:59  Drone  
  49  4:01  Drone  
  52  4:03  Drone, Extractor  
  52  4:05  Drone  
  52  4:06  Drone  
  52  4:09  Drone  
  53  4:12  Drone  
  53  4:15  Drone x2  
  53  4:19  Drone x2  
  53  4:20  Drone  
  57  4:24  Zergling x2, Evolution Chamber  
  57  4:26  Drone  
  57  4:31  Overlord  
  58  4:33  Spore Crawler  
  58  4:36  Drone  
  58  4:43  Overlord  
  58  4:44  Overlord  
  58  4:48  Queen  
  58  4:49  Baneling Nest, Drone x3  
  58  4:50  Zerg Melee Weapons Level 1  
  62  4:54  Drone x3  
  62  4:59  Zergling x2  
  66  5:01  Extractor, Overlord  
  66  5:02  Zergling x6  
  66  5:04  Drone x2  
  66  5:06  Drone  
  68  5:07  Drone  
  69  5:15  Drone x2  
  69  5:16  Drone  
  69  5:20  Lair  
  69  5:21  Drone  
  72  5:22  Drone x2  
  72  5:24  Zergling x4  
  72  5:26  Drone x2  
  78  5:35  Hatchery  
  77  5:37  Drone  
  77  5:38  Drone x2  
  77  5:41  Extractor x2  
  77  5:42  Drone x2  
  80  5:44  Extractor  
  80  5:45  Zergling x2  
  80  5:46  Zergling x6  
  80  5:49  Overlord  
  84  5:51  Pneumatized Carapace  
  84  5:53  Queen  
  84  5:56  Zergling x2  
  84  5:57  Zergling x4  
  89  6:03  Overlord  
  89  6:05  Overlord  
  89  6:06  Zergling x2  
  89  6:08  Overlord  
  89  6:09  Drone x4  
  93  6:13  Drone x3  
  93  6:14  Extractor  
  93  6:15  Drone, Extractor  
  95  6:20  Spire  
  95  6:22  Zergling x2  
  95  6:23  Zergling x2  
  96  6:26  Drone x4  
  96  6:28  Overseer  
  100  6:33  Queen  
  100  6:35  Drone x4  
  100  6:38  Zergling x4  
  100  6:39  Zergling x2  
  108  6:44  Drone  
  108  6:46  Roach Warren  
  108  6:47  Drone  
  108  6:49  Zergling x8  
  108  6:53  Overlord  
  113  6:58  Zergling x8  
  116  7:04  Overlord  
  115  7:13  Extractor, Overlord  
  115  7:14  Extractor  
  112  7:19  Zergling x18  
  112  7:20  Baneling x5  
  112  7:21  Baneling x12  
  121  7:26  Zergling x6  
  121  7:38  Roach x9  
  121  7:40  Glial Reconstitution  
  138  7:45  Roach x2  
  138  7:47  Zergling x2  
  138  7:48  Overlord x2  
  141  7:56  Zergling x12  
  120  7:58  Roach  
  120  7:59  Roach x3  
  120  8:02  Roach x3  
  120  8:04  Roach  
  126  8:06  Roach  
  126  8:07  Roach  
  126  8:11  Zergling x6  
  118  8:13  Zergling x4  
  118  8:15  Roach  
  118  8:17  Queen  
  118  8:18  Zergling x2  
  102  8:22  Zergling x6  
  102  8:25  Roach  
  102  8:26  Roach  
  93  8:28  Roach  
  93  8:30  Zergling x4  
  93  8:33  Zergling x2  
  88  8:37  Zergling x6  
Show
View Real Time Build Order
Export as new Build Order

Zoun Protoss - Winner!

Build Orders: 1 Gate Expand, Oracle Opening, Zealot Archon 

Get SALT Encoding   

  12  0:00  Probe  
  13  0:12  Probe  
  14  0:20  Pylon  
  14  0:24  Probe  
  15  0:38  Probe (Chrono Boost)  
  15  0:40  Gateway  
  16  0:47  Probe (Chrono Boost)  
  16  0:49  Assimilator  
  17  0:52  Probe (Chrono Boost)  
  18  1:04  Probe  
  19  1:16  Probe  
  20  1:25  Nexus  
  20  1:36  Cybernetics Core  
  20  1:39  Probe  
  21  1:43  Assimilator  
  21  1:51  Probe  
  21  1:53  Pylon  
  22  2:03  Probe  
  23  2:09  Adept (Chrono Boost)  
  23  2:15  Probe  
  26  2:18  Stargate  
  26  2:25  Warp Gate  
  26  2:27  Probe (Chrono Boost)  
  27  2:34  Stalker  
  29  2:37  Probe (Chrono Boost)  
  29  2:39  Probe (Chrono Boost)  
  31  2:47  Probe (Chrono Boost)  
  31  2:48  Probe (Chrono Boost)  
  33  2:52  Probe (Chrono Boost)  
  34  2:58  Probe  
  34  3:02  Oracle (Chrono Boost)  
  38  3:06  Probe  
  39  3:16  Pylon  
  39  3:17  Adept  
  41  3:25  Probe x2  
  43  3:33  Oracle (Chrono Boost)  
  43  3:40  Nexus  
  46  3:42  Pylon  
  46  3:43  Probe  
  46  3:44  Probe  
  48  3:55  Probe  
  48  3:56  Probe  
  48  4:01  Oracle  
  51  4:07  Probe  
  51  4:08  Probe  
  53  4:19  Assimilator  
  53  4:20  Probe x2  
  53  4:21  Twilight Council, Assimilator  
  53  4:24  Forge  
  55  4:26  Adept  
  57  4:32  Probe x2  
  57  4:35  Shield Battery  
  57  4:37  Pylon  
  59  4:44  Probe (Chrono Boost)  
  59  4:45  Probe (Chrono Boost)  
  61  4:47  Gateway  
  61  4:49  Gateway  
  61  4:51  Gateway  
  61  4:53  Probe (Chrono Boost)  
  61  4:56  Probe (Chrono Boost)  
  61  4:58  Protoss Ground Weapons Level 1  
  64  5:00  Charge  
  64  5:02  Probe (Chrono Boost)  
  64  5:03  Probe (Chrono Boost)  
  64  5:04  Probe (Chrono Boost)  
  66  5:08  Probe (Chrono Boost)  
  66  5:12  Probe  
  68  5:17  Probe  
  68  5:20  Probe, Pylon  
  70  5:21  Sentry  
  70  5:24  Probe  
  70  5:28  Templar Archives  
  73  5:31  Robotics Facility  
  73  5:33  Probe x2  
  75  5:37  Assimilator  
  75  5:40  Assimilator  
  75  5:42  Probe  
  76  5:45  Probe  
  77  5:51  Gateway x2, Pylon  
  77  5:52  Gateway  
  77  5:53  Gateway  
  77  5:54  Probe  
  78  5:58  Probe x2  
  80  6:06  Probe, High Templar x2  
  80  6:10  Archon, Probe  
  86  6:12  Probe, Photon Cannon  
  86  6:14  Zealot x2  
  86  6:18  Shield Battery  
  91  6:19  Probe  
  91  6:22  Probe  
  91  6:24  Warp Prism (Chrono Boost), Probe  
  96  6:30  Pylon  
  96  6:31  Probe  
  97  6:34  Probe  
  97  6:35  High Templar  
  97  6:36  Gateway  
  97  6:37  Gateway  
  97  6:38  Pylon  
  100  6:45  Pylon  
  100  6:49  High Templar x2  
  100  6:50  High Templar  
  100  6:53  Archon  
  106  6:58  Zealot, Observer (Chrono Boost), Archon  
  106  6:59  Zealot  
  111  7:03  Nexus  
  111  7:06  Pylon  
  111  7:08  High Templar x2  
  111  7:09  Nexus, Zealot  
  111  7:12  Archon  
  111  7:14  Pylon  
  117  7:16  Pylon  
  117  7:18  Probe x2  
  117  7:22  Zealot, Pylon  
  119  7:23  Zealot x2  
  119  7:25  Zealot  
  119  7:26  Zealot  
  129  7:30  Zealot  
  131  7:39  High Templar  
  131  7:40  High Templar  
  135  7:46  Archon  
  135  7:47  Zealot x6  
  135  7:48  Zealot  
  149  7:55  Zealot  
  137  7:58  Probe x2  
  137  8:03  Fleet Beacon  
  134  8:06  Stargate  
  134  8:09  Zealot x6  
  132  8:15  Zealot x3  
  126  8:20  Shield Battery  
  126  8:21  Probe x2  
  126  8:22  Photon Cannon  
  126  8:25  Probe  
  126  8:26  Probe  
  118  8:33  Zealot x2, High Templar x4  
  118  8:34  Zealot  
  130  8:37  Archon  
  130  8:38  Archon  
Tags
 
Add a new tag
Caveats
  • Supply blocks, unpowered buildings, or Contaminate may cause inaccurate times.
  • Supply counts are checked every 10 seconds.